 Dungeon Crawl Stone Soup version 0.27.1-1-g398f81649c (webtiles) character file.

Game seed: 7084760724107458294

20 H0rd4k the Insei (level 2, -3/18 HPs)
             Began as an Octopode Transmuter on Sept 9, 2021.
             Slain by a worm (11 damage)
             ... on level 2 of the Dungeon.
             The game lasted 00:00:50 (1379 turns).

H0rd4k the Insei (Octopode Transmuter)              Turns: 1379, Time: 00:00:50

Health: -3/18      AC:  1    Str:  9    XL:     2   Next: 79%
Magic:  5/5        EV: 13    Int: 15    God:
Gold:   51         SH:  0    Dex: 12    Spells: 4/5 levels left

rFire    . . .     SeeInvis .     - Unarmed
rCold    . . .     Faith    .   (no shield)
rNeg     . . .     Spirit   .   (helmet restricted)
rPois    .         Reflect  .   (no amulet)
rElec    .         Harm     .   (no ring)
rCorr    .         Rampage  .   (no ring)
Will     .....                  (no ring)
Stlth    ++........             (no ring)
HPRegen  0.06/turn              (no ring)
MPRegen  0.09/turn              (no ring)
                                (no ring)
                                (no ring)

@: no status effects
A: almost no armour, amphibious, 8 rings, camouflage 1, gelatinous body 1,
(nimble swimmer 1), tentacles
a: no special abilities


You were on level 2 of the Dungeon.
You visited 1 branch of the dungeon, and saw 2 of its levels.

You collected 51 gold pieces.

Inventory:

Scrolls
 a - a scroll of brand weapon {unknown}
 b - a scroll of vulnerability {unknown}
 c - a scroll of identify {unknown}
 e - a scroll of teleportation {unknown}
Potions
 d - a potion of magic {unknown}


   Skills:
 + Level 1.0 Fighting
 + Level 2.1 Dodging
 + Level 3.5 Unarmed Combat
 * Level 2.2 Spellcasting
 * Level 2.1 Transmutations


You had 4 spell levels left.
You knew the following spells:

 Your Spells              Type           Power      Damage    Failure   Level
a - Beastly Appendage     Tmut           16%        N/A       9%          1

Your spell library contained the following spells:

 Spells                   Type           Power      Damage    Failure   Level
 Wereblood                Tmut           8%         N/A       14%         2
 Magic Dart               Conj           4%         1d3       22%         1
 Call Imp                 Summ           1%         N/A       32%         2
 Spider Form              Tmut/Pois      2%         N/A       38%         3
 Mephitic Cloud           Conj/Pois/Air  1%         N/A       54%         3
 Ice Form                 Ice/Tmut       4%         N/A       80%         4


Dungeon Overview and Level Annotations

Branches:
Dungeon (2/15)

Altars:

Shops:
D:1 ?


Innate Abilities, Weirdness & Mutations

You cannot wear most types of armour.
You are amphibious.
You can wear up to eight rings at the same time.
Your skin changes colour to match your surroundings (Stealth+).
Your rubbery body absorbs attacks. (AC +1, EV +1)
((You are camouflaged near water. (Stealth+)))
You have tentacles for arms and can constrict up to eight enemies at once.


Message History

The hobgoblin hits you.
You tentacle-slap the hobgoblin but do no damage.
You constrict the hobgoblin, but do no damage.
The hobgoblin closely misses you.
You tentacle-slap the hobgoblin.
The hobgoblin is moderately wounded.
You constrict the hobgoblin. The hobgoblin hits you.
You are too injured to fight recklessly!
You are too injured to fight recklessly!
You are too injured to fight recklessly!
A hobgoblin is nearby!
A hobgoblin is nearby!
You are too injured to fight recklessly!
You tentacle-slap the hobgoblin.
You kill the hobgoblin!
You see here a hobgoblin corpse.
You now have 51 gold pieces (gained 10).
A worm comes into view.
A worm is nearby!
A worm is nearby!
You tentacle-slap the worm but do no damage.
Your grab misses the worm. The worm barely misses you.
You completely miss the worm. Your grab misses the worm. You squeeze the worm!
The worm is moderately wounded.
You barely miss the worm. You grab the worm.
Your tentacle-slap misses the worm.
The worm is moderately wounded.
You constrict the worm. The worm bites you!
Ouch! That really hurt!
You tentacle-slap the worm but do no damage.
The worm is moderately wounded.
You constrict the worm. The worm misses you.
You tentacle-slap the worm.
The worm is heavily wounded.
You constrict the worm. You tentacle-slap the worm.
The worm is severely wounded.
You constrict the worm. The worm bites you!
Ouch! That really hurt!
You die...

... #.# ##### #..
..# .... .....##...
###..#.....
#########
##..#...#..#
#.......#
.....#....#
#.#####.#
###.#...#..# #.#
#.# ......#.@..#
#.# #.#
..#####....#w.# #.#
#.#
.......†.#.#..#.#†#
#.#
..#####.##.#..<.#.#
#.# . #....#..###.#
#.# ..####.####..#
#.#####.###
..............#
#.#.......#
..........###.#
#.#.#######
..........# #.#.#


You could see a worm.

Vanquished Creatures
  2 ball pythons
  4 bats (D:1)
  2 endoplasms (D:1)
  4 goblins (D:1)
  A hobgoblin (D:2)
  A kobold (D:1)
  A quokka (D:1)
  A frilled lizard (D:1)
  2 rats (D:1)
18 creatures vanquished.

Notes
Turn   | Place    | Note
-------+----------+-------------------------------------------
     0 | D:1      | H0rd4k the Octopode Transmuter began the quest for the Orb.
     0 | D:1      | Reached XP level 1. HP: 13/13 MP: 3/3
   118 | D:1      | Reached XP level 2. HP: 6/18 MP: 5/5
   373 | D:1      | Found Saeffaxy's Magic Scroll Shop.
  1379 | D:2      | Slain by a worm

Illustrated notes

Levels and vault maps discovered:
D:1:      heliophobic_arrival_battle_scene, layout_rooms, serial_shops,
          nicolae_shop_stone
D:2:      layout_basic, basic_altar, dreamdust_ecumenical_altar_statues,
          hex_tiny

Action                   || total
-------------------------++-------
Melee: Unarmed           ||    52
       Constrict         ||    13
       Tentacles         ||     6
       Punch             ||     3
 Stab: Sleeping          ||     3
Armor: Skin              ||     8
Dodge: Dodged            ||    31
